 Dungeon Crawl Stone Soup version 0.18-a0-1685-g4482fe3 (webtiles) character file.

21480 beholder the Fighter (level 12, -13/159 HPs)
             Began as a Green Draconian Skald on Mar 28, 2016.
             Was an Elder of Ru.
             Mangled by a minotaur
             ... wielding the +8 lance "Wyrmbane" {slay drac, +Rage rPois rF+ AC+5}
              (24 damage)
             ... in a labyrinth on Apr 4, 2016.
             The game lasted 06:18:03 (17145 turns).

beholder the Fighter (Green Draconian Skald)       Turns: 17145, Time: 06:18:10

Health: -13/159    AC: 26    Str: 21    XL:     12   Next: 54%
Magic:  14/25      EV:  2    Int: 13    God:    Ru [****..]
Gold:   779        SH:  2    Dex: 13    Spells: 5 memorised, 8 levels left

rFire  . . .     SeeInvis .     e - +0 scimitar
rCold  . . .     Gourm    .     (armour unavailable)
rNeg   + + +     Faith    .     (no shield)
rPois  +         Spirit   .     (helmet currently unavailable)
rElec  .         Dismiss  .     (cloak currently unavailable)
rCorr  .         Reflect  +     (gloves currently unavailable)
SustAt .         Harm     .     (boots currently unavailable)
MR     .....     NoTele   +     d - +2 amulet of reflection
Stlth  ..........               B - ring of magical power
                                U - +4 ring of strength

@: exhausted, short of breath, tree-form, not resistant to hostile enchantments,
extremely unstealthy
A: (breathe noxious fumes), unfitting armour, low mp 1, (poison resistance),
(cold-blooded), no stealth, inability to use devices, hated by all, AC +8
a: Draw Out Power, Power Leap, Renounce Religion


You were in a labyrinth.
You worshipped Ru.
Ru was greatly pleased with you.
You were very hungry.
You were a tree.
You visited 3 branches of the dungeon, and saw 16 of its levels.
You also visited: Labyrinth.

You collected 779 gold pieces.

Inventory:

Hand Weapons
 a - a +1 falchion
 e - a +0 scimitar (weapon)
 D - a +2 dagger of draining
 S - a +0 dagger of speed
Missiles
 G - 6 javelins (quivered)
Armour
 C - a +0 cloak (melded)
 P - a +2 pair of boots (melded)
 R - a +2 hat (melded)
Jewellery
 c - a +2 ring of strength
 d - a +2 amulet of reflection (around neck)
 j - an uncursed amulet of regeneration
 B - a ring of magical power (right branch)
 U - a +4 ring of strength (left branch)
Scrolls
 g - 2 scrolls of fear
 i - a scroll of summoning {unknown}
 o - 3 scrolls of teleportation
 s - a scroll of magic mapping
 F - 3 scrolls of remove curse
 K - a scroll of immolation {unknown}
 Q - a scroll of holy word {unknown}
 T - a scroll of random uselessness {unknown}
 V - a scroll of fog
 W - 2 scrolls of noise {unknown}
 X - 2 scrolls of blinking {unknown}
Potions
 b - a potion of berserk rage
 h - a potion of degeneration {unknown}
 l - a potion of might {unknown}
 n - 9 potions of curing
 p - 4 potions of cure mutation
 r - a potion of agility {unknown}
 u - a potion of haste {unknown}
 w - 2 potions of flight
 z - 3 potions of resistance
 A - 2 potions of lignification
 E - 2 potions of heal wounds
 I - a potion of brilliance {unknown}
 J - 2 potions of magic {unknown}
Comestibles
 f - a bread ration
 H - 6 fruits


   Skills:
 - Level 10.1 Fighting
 - Level 10.0 Long Blades
 - Level 9.0 Dodging
 + Level 4.3 Spellcasting
 + Level 4.9 Hexes
 + Level 6.9 Charms
 - Level 5.0 Necromancy
 + Level 4.9 Translocations
   Level 0.0 Evocations


You had 8 spell levels left.
You knew the following spells:

 Your Spells              Type           Power        Failure   Level  Hunger
a - Infusion              Chrm           ###.         1%          1    None
b - Shroud of Golubria    Chrm/Tloc      ###.......   2%          2    ##.....
c - Regeneration          Chrm/Necr      ###.......   6%          3    ###....
d - Song of Slaying       Chrm           ###.....     1%          2    ##.....
e - Spectral Weapon       Hex/Chrm       ###.....     6%          3    ###....


Dungeon Overview and Level Annotations

Branches:
Dungeon (9/15)             Temple (1/1) D:7            Lair (6/8) D:9
 Shoals (0/4) Lair:6       Spider (0/4) Lair:4
  Slime: Lair:6-8       Orc: D:9-12

Altars:
Ashenzari
Cheibriados
Dithmenos
Elyvilon
Fedhas
Gozag
Kikubaaqudgha
Makhleb
Nemelex Xobeh
Okawaru
Pakellas
Qazlal
Ru
Sif Muna
Trog
Vehumet
Xom
Yredelemnul
Zin
The Shining One

Shops:
D:7 }

Annotations:
D:5 Inquiry's ghost, amateur DsTm
Lair:3 Kidiri's ghost, journeyman DEFE
Lair:6 asdu's ghost, journeyman MiBe


Innate Abilities, Weirdness & Mutations

((You can breathe blasts of noxious fumes.))
((Your lurid green scales are hard (AC +8).))
Your body does not fit into most forms of armour.
Your magical capacity is low (-10% MP).
((Your system is resistant to poisons.))
((You are cold-blooded and may be slowed by cold attacks.))
You cannot be stealthy.
You cannot study or use magical devices.
You are hated by all.


Message History

The minotaur hits you with the +8 lance "Wyrmbane" {slay drac, +Rage rPois rF+ AC+5}.
* * * LOW HITPOINT WARNING * * *
You convulse!
* * * LOW HITPOINT WARNING * * *
The minotaur gores you but does no damage.
You slash the minotaur!
The minotaur is almost dead.
The minotaur is stunned by your will and fails to attack.
You hit the minotaur.
The minotaur is almost dead.
The minotaur hits you but does no damage.
You convulse!
* * * LOW HITPOINT WARNING * * *
The minotaur gores you but does no damage.
Cast which spell? (? or * to list)
You draw out your weapon's spirit!
The minotaur hits you with the +8 lance "Wyrmbane" {slay drac, +Rage rPois rF+ AC+5}!!
* * * LOW HITPOINT WARNING * * *
You convulse!
You die...

. .#..#. .
# ### .#. #
## ..(.
.H..# . . #
#§###
###.#. #.#
# #....H.
#..# #
#.#####.
.##.# #(#
.. . ..
###.#.#####
## #.H♣#..
.. ...
##### ##
#..### ...
# .# ## #.
#


You could see a minotaur (blind) and a friendly spectral scimitar.

Vanquished Creatures
  2 hydras
  Nergalle (Lair:4)
  4 elephants (Lair:4)
  3 black mambas
  3 gargoyles (Lab)
  6 spiny frogs
  5 komodo dragons
  A troll (D:9)
  3 jumping spiders (Lair:4)
  16 blink frogs
  4 redbacks
  2 shadows (Lab)
  9 yaks
  3 basilisks
  3 hungry ghosts
  4 hippogriffs
  7 water moccasins
  10 porcupines
  An ice beast (D:8)
  A black bear (D:8)
  An eye of draining (D:8)
  A phantom (D:7)
  3 sky beasts
  5 orc warriors
  3 centaurs
  2 ogres
  2 crocodiles
  2 big kobolds
  10 giant frogs
  4 scorpions
  A water moccasin zombie (D:8)
  9 killer bees
  6 wights
  3 howler monkeys
  A jelly (D:9)
  5 crimson imps
  A centaur zombie (D:8)
  A giant frog zombie (D:7)
  10 orc wizards
  3 hounds
  2 giant frog skeletons
  A gnoll shaman (D:8)
  2 centaur skeletons
  7 iguanas
  3 orc priests
  Natasha (thrice) (D:4)
  3 worker ants
  5 sheep (D:9)
  An ogre skeleton (Lab)
  A hound zombie (D:8)
  A hound skeleton (D:9)
  10 adders
  A howler monkey skeleton (D:5)
  21 river rats
  5 shadow imps
  3 oozes
  An adder skeleton (D:9)
  2 adder zombies
  A dart slug (D:3)
  4 giant geckos
  25 orcs
  5 ball pythons
  4 giant cockroaches
  2 gnoll zombies (D:6)
  7 goblins
  6 hobgoblins
  3 jackals
  17 kobolds
  4 quokkas
  9 bats
  A giant gecko skeleton (D:6)
  10 giant newts
  A jackal skeleton (D:4)
  7 rats
  A spectral weapon (Lair:3)
340 creatures vanquished.

Vanquished Creatures (collateral kills)
  2 sheep (D:9)
2 creatures vanquished.

Vanquished Creatures (others)
  2 crocodiles (Lair:4)
  2 fungi
  11 plants
  8 spectral weapons
23 creatures vanquished.

Grand Total: 365 creatures vanquished

Notes
Turn   | Place    | Note
--------------------------------------------------------------
     0 | D:1      | beholder the Draconian Skald began the quest for the Orb.
     0 | D:1      | Reached XP level 1. HP: 17/17 MP: 3/3
   130 | D:1      | Reached XP level 2. HP: 22/25 MP: 5/5
   384 | D:1      | Found a sparkling altar of Nemelex Xobeh.
  1017 | D:2      | Learned a level 2 spell: Shroud of Golubria
  1079 | D:2      | Reached XP level 3. HP: 21/30 MP: 6/6
  1351 | D:2      | Reached skill level 1 in Evocations
  1688 | D:3      | Reached XP level 4. HP: 37/37 MP: 7/7
  1742 | D:3      | Learned a level 3 spell: Regeneration
  2509 | D:4      | Found a shimmering altar of Xom.
  2546 | D:4      | Noticed Natasha
  2562 | D:4      | Killed Natasha
  2581 | D:4      | Noticed an ogre
  2593 | D:4      | Killed an ogre
  2593 | D:4      | Reached XP level 5. HP: 24/45 MP: 3/8
  2921 | D:4      | Noticed Natasha
  2932 | D:4      | Killed Natasha
  2932 | D:4      | Reached XP level 6. HP: 15/52 MP: 6/9
  3368 | D:4      | Noticed Natasha
  3546 | D:4      | Killed Natasha
  3638 | D:5      | Entered Level 5 of the Dungeon
  3967 | D:5      | Found a stormy altar of Qazlal.
  4026 | D:5      | Reached skill level 1 in Necromancy
  4180 | D:5      | Your scales start taking on a lurid green colour.
  4180 | D:5      | Reached XP level 7. HP: 47/59 MP: 3/10
  4180 | D:5      | Gained mutation: Your system is resistant to poisons. [Green Draconian growth]
  4400 | D:5      | Noticed Inquiry's ghost (amateur DsTm)
  4803 | D:6      | Learned a level 2 spell: Song of Slaying
  4807 | D:6      | Learned a level 3 spell: Spectral Weapon
  5044 | D:6      | Found a blossoming altar of Fedhas.
  5204 | D:6      | Reached XP level 8. HP: 45/67 MP: 10/12
  5337 | D:6      | Found a basalt altar of Yredelemnul.
  5686 | D:7      | Found a staircase to the Ecumenical Temple.
  5691 | Temple   | Entered the Ecumenical Temple
  5885 | D:7      | Found Qimp's Gadget Emporium.
  6109 | D:7      | Reached skill level 5 in Long Blades
  6114 | D:7      | Reached skill level 5 in Fighting
  6220 | D:7      | Reached skill level 5 in Evocations
  6824 | D:8      | Reached skill level 5 in Dodging
  7018 | D:8      | Upgraded the game from 0.18-a0-1643-gb89d9db to 0.18-a0-1649-g8d9735b
  7044 | D:8      | Reached XP level 9. HP: 75/75 MP: 8/13
  7389 | D:8      | Reached skill level 5 in Charms
  7391 | D:8      | Found a sacrificial altar of Ru.
  7422 | D:8      | Became a worshipper of Ru the Awakened
  7601 | D:8      | Reached skill level 1 in Hexes
  8979 | D:9      | Reached XP level 10. HP: 86/86 MP: 14/14
  9171 | D:9      | Upgraded the game from 0.18-a0-1649-g8d9735b to 0.18-a0-1670-gb40d73e
  9454 | D:9      | Found a staircase to the Lair.
  9662 | D:9      | Gained mutation: You cannot study or use magical devices. [Ru sacrifice]
  9662 | D:9      | Reached * piety under Ru
  9662 | D:9      | Reached ** piety under Ru
  9662 | D:9      | Reached *** piety under Ru
  9826 | D:9      | Found a shadowy altar of Dithmenos.
  9828 | D:9      | Found a radiant altar of Vehumet.
  9836 | D:9      | Found a shattered altar of Ashenzari.
  9854 | D:9      | Found a snail-covered altar of Cheibriados.
 10371 | Lair:1   | Entered Level 1 of the Lair of Beasts
 10783 | Lair:1   | Noticed a black mamba
 10840 | Lair:1   | Noticed a spiny frog
 11256 | Lair:1   | Killed a black mamba
 11903 | Lair:2   | Noticed a spiny frog
 12084 | Lair:1   | Killed a spiny frog
 12395 | Lair:1   | Reached XP level 11. HP: 81/97 MP: 15/15
 13055 | Lair:2   | Gained mutation: Your magical capacity is low (-10% MP). [Ru sacrifice]
 13149 | Lair:2   | Upgraded the game from 0.18-a0-1670-gb40d73e to 0.18-a0-1677-g2bdad6c
 13388 | Lair:3   | Noticed Kidiri's ghost (journeyman DEFE)
 13470 | Lair:3   | Reached skill level 10 in Fighting
 13650 | Lair:3   | Noticed a five-headed hydra
 13772 | Lair:3   | Noticed Nergalle
 13951 | Lair:4   | Reached skill level 1 in Translocations
 14255 | Lair:4   | Gained mutation: You cannot be stealthy. [Ru sacrifice]
 14255 | Lair:4   | Reached **** piety under Ru
 14413 | Lair:4   | Reached skill level 10 in Long Blades
 14478 | Lair:4   | Found a hole to the Spider Nest.
 15034 | Lair:3   | Killed a five-headed hydra
 15034 | Lair:3   | Reached XP level 12. HP: 66/106 MP: 15/15
 15808 | Lair:5   | Gained mutation: You are hated by all. [Ru sacrifice]
 16169 | Lair:4   | Killed Nergalle
 16217 | Lair:2   | Noticed a four-headed hydra
 16227 | Lair:2   | Killed a four-headed hydra
 16352 | Lair:6   | Noticed asdu's ghost (journeyman MiBe)
 16392 | Lair:6   | Found a labyrinth entrance.
 16401 | Lab      | Entered a labyrinth
 16672 | Lab      | Reached skill level 5 in Necromancy
 17111 | Lab      | Noticed a minotaur
 17111 | Lab      | Upgraded the game from 0.18-a0-1677-g2bdad6c to 0.18-a0-1685-g4482fe3
 17145 | Lab      | Mangled by a minotaur

Vault maps used:
D:1:      mrwooster_arrival_arrow, nemelex_deck
D:2:      first_bread
D:4:      marbit_many_paths, uniq_natasha
D:5:      lemuel_doored_altar
D:6:      lemuel_zombie_altar_yredelemnul, fedhas_altar_decomposition
D:7:      serial_shops, shop, grunt_ogre_cave
D:8:      nicolae_ru_great_annihilating_truth, st_stairs_13
D:9:      grunt_temple_overflow_cloverleaf, minmay_lair_entry_grove
Temple:   circular_temple_12
Lair:1:   ldierk_geyser, st_stairs_6
Lair:3:   uniq_nergalle
Lair:4:   nicolae_spider_entry_tight_spaces
Lair:6:   elwin_shoals_entry_rocks, lab_entry_generic, grunt_megastairs_3
Lab:      labyrinth_mini_lab, nicolae_lab_arrow, nicolae_lab_t_cross,
          lab_fountain, labyrinth_glass_1, nicolae_lab_hexagon,
          labyrinth_skeletal_remains, nicolae_lab_grate,
          nicolae_lab_very_dead_end

Skill      XL: |  1  2  3  4  5  6  7  8  9 10 11 12 |
---------------+-------------------------------------+-----
Dodging        | 2 3 4 5 6 8 9 |  9.0
Charms         | 3 4 5 6 |  6.9
Evocations     | 1 2 3 4 5 0 |  0.0
Long Blades    | 3 4 5 7 8 10 | 10.0
Fighting       | 3 4 5 7 9 10 | 10.1
Necromancy     | 1 2 3 5 |  5.0
Spellcasting   | 3 4 |  4.3
Hexes          | 2 3 4 |  4.9
Translocations | 3 4 |  4.9

Action                   |  1- 3 |  4- 6 |  7- 9 | 10-12 || total
-------------------------+-------+-------+-------+-------++-------
Melee: Falchion          |    55 |    72 |   164 |    62 ||   353
       Dagger            |    49 |    95 |   207 |  1002 ||  1353
       Mace              |     1 |    26 |       |       ||    27
       Scimitar          |       |       |       |    13 ||    13
 Fire: Hunting sling     |    11 |     9 |   115 |     1 ||   136
Throw: Tomahawk          |       |     8 |     7 |    22 ||    37
       Javelin           |       |       |    20 |    13 ||    33
       Throwing net      |       |       |     1 |     2 ||     3
 Cast: Shroud of Golubri |       |     3 |     5 |    12 ||    20
       Regeneration      |       |     1 |     1 |    12 ||    14
       Infusion          |       |     6 |     8 |     7 ||    21
       Song of Slaying   |       |       |     1 |     1 ||     2
       Spectral Weapon   |       |       |     1 |    31 ||    32
Invok: Sacrifice Artific |       |       |       |     1 ||     1
       Power Leap        |       |       |       |     8 ||     8
       Sacrifice Essence |       |       |       |     1 ||     1
       Sacrifice Stealth |       |       |       |     1 ||     1
       Sacrifice Love    |       |       |       |     1 ||     1
 Abil: Breathe Noxious F |       |       |    21 |    45 ||    66
Evoke: Wand              |       |     1 |     3 |       ||     4
       Deck              |       |       |     2 |       ||     2
  Use: Scroll            |       |       |     8 |    10 ||    18
       Potion            |       |       |       |     6 ||     6
 Stab: Sleeping          |     1 |     1 |       |     1 ||     3
       Paralysed         |       |     3 |     1 |       ||     4
       Distracted        |       |     1 |       |     5 ||     6
       Confused          |       |       |    17 |    28 ||    45
       Invisible         |       |       |       |    15 ||    15
  Eat: Chunk             |     2 |     5 |    19 |    34 ||    60
       Meat ration       |       |     1 |       |       ||     1
       Royal jelly       |       |       |       |     1 ||     1
       Pizza             |       |       |       |     1 ||     1
       Bread ration      |       |       |       |     1 ||     1
       Fruit             |       |       |       |     1 ||     1
